[Event "ETCC Open 2023"]
[Site "Budva"]
[Date "2023.11.14"]
[Round "4.28"]
[White "McShane, Luke J"]
[Black "Ali Marandi, Cemil Can"]
[Result "1-0"]
[ECO "C88"]
[WhiteElo "2626"]
[BlackElo "2544"]
[Annotator "ChessBase"]
[PlyCount "133"]
[EventDate "2023.11.10"]
[EventType "team-tourn"]
[EventCountry "MNE"]
[SourceTitle "playchess.com"]
[Source "ChessBase"]
[SourceQuality "1"]
[WhiteTeam "England"]
[BlackTeam "Turkey"]
[WhiteTeamCountry "ENG"]
[BlackTeamCountry "TUR"]
[TimeControl "40/5400+30:1800+30"]

1. e4 e5 2. Nf3 Nc6 3. Bb5 a6 4. Ba4 Nf6 5. O-O Be7 6. Re1 b5 7. Bb3 O-O 8. a4 d5 9. Bxd5 Nxd5 10. exd5 Nd4 11. Nxd4 exd4 12. axb5 Bb7 13. c4 dxc3 14. dxc3 axb5 15. Rxa8 Bxa8 16. Bf4 Bd6 17. Bxd6 Qxd6 18. Na3 b4 19. cxb4 Qxb4 20. Re2 Rd8 21. Nc2 Qxb2 22. Ne3 Qf6 23. Rd2 g6 24. h3 h5 25. Qa4 Qe5 26. Rd1 Kg7 27. Qa5 Qd6 28. Qc3+ Kg8 29. Qa1 Re8 30. Qa5 Rd8 31. Nc4 Qf4 32. Qc5 Rb8 33. Re1 Rd8 34. Rd1 Rb8 35. Ra1 Rd8 36. Ne3 Qe5 37. Ra5 Rb8 38. Qc2 c6 39. Qa2 Qe8 40. d6 c5 41. Rxc5 Rd8 42. Qa6 Qe6 43. Rc1 Kg7 44. Rd1 Qf6 45. Qa5 Rb8 46. d7 Rd8 47. Rd6 Qe7 48. Qc3+ Kh7 49. Qd4 Kg8 50. f3 Kh7 51. Kf2 Kg8 52. Nc4 Kh7 53. Ne5 Kg8 54. Nd3 Kh7 55. Nc5 Kg8 56. h4 Kh7 57. Qf6 Qxf6 58. Rxf6 Kg7 59. Ra6 Kf8 60. Ke3 Ke7 61. Kf4 Bd5 62. Kg5 Bc4 63. Ra1 Bb5 64. Re1+ Kf8 65. Kf6 Bxd7 66. Rd1 Ke8 67. Rxd7 1-0

[Event "ETCC Open 2023"]
[Site "Budva"]
[Date "2023.11.14"]
[Round "4.29"]
[White "Theodorou, Nikolas"]
[Black "Anton Guijarro, David"]
[Result "1/2-1/2"]
[ECO "B15"]
[WhiteElo "2619"]
[BlackElo "2668"]
[Annotator "ChessBase"]
[PlyCount "88"]
[EventDate "2023.11.10"]
[EventType "team-tourn"]
[EventCountry "MNE"]
[SourceTitle "playchess.com"]
[Source "ChessBase"]
[SourceQuality "1"]
[WhiteTeam "Greece"]
[BlackTeam "Spain"]
[WhiteTeamCountry "GRE"]
[BlackTeamCountry "ESP"]
[TimeControl "40/5400+30:1800+30"]

1. e4 c6 2. d4 d5 3. Nc3 dxe4 4. Nxe4 Nf6 5. Nxf6+ exf6 6. c3 Bd6 7. Bd3 O-O 8. Qc2 Re8+ 9. Ne2 h5 10. O-O h4 11. h3 Nd7 12. Bd2 Nf8 13. Rae1 Bd7 14. c4 Qc8 15. Nf4 b5 16. b3 bxc4 17. bxc4 c5 18. d5 Qc7 19. Qc1 Re5 20. Rxe5 Bxe5 21. Ne2 f5 22. Kh1 Re8 23. Ng1 Ng6 24. Re1 Qc8 25. Qa3 Bd4 26. Rxe8+ Qxe8 27. f4 Be3 28. Bxe3 Qxe3 29. Qxa7 Be8 30. Qb8 Nxf4 31. Bxf5 Nh5 32. Bd3 Ng3+ 33. Kh2 Qxd3 34. Qxe8+ Kh7 35. Nf3 Nf1+ 36. Kg1 Ng3 37. Kh2 Nf1+ 38. Kg1 Ng3 39. Qe1 Qxc4 40. Qd1 Ne2+ 41. Kh1 Ng3+ 42. Kg1 Ne2+ 43. Kh1 Ng3+ 44. Kg1 Ne2+ 1/2-1/2

[Event "ETCC Open 2023"]
[Site "Budva"]
[Date "2023.11.14"]
[Round "4.30"]
[White "Santos Latasa, Jaime"]
[Black "Papaioannou, Ioannis"]
[Result "1/2-1/2"]
[ECO "D37"]
[WhiteElo "2635"]
[BlackElo "2623"]
[Annotator "TA"]
[PlyCount "78"]
[EventDate "2023.11.10"]
[EventType "team-tourn"]
[EventCountry "MNE"]
[SourceTitle "playchess.com"]
[Source "ChessBase"]
[SourceQuality "1"]
[WhiteTeam "Spain"]
[BlackTeam "Greece"]
[WhiteTeamCountry "ESP"]
[BlackTeamCountry "GRE"]
[TimeControl "40/5400+30:1800+30"]

1. d4 Nf6 2. c4 e6 3. Nf3 d5 4. Nc3 Nbd7 5. Bf4 dxc4 6. e3 {[%emt 0:00:05] D37: Queen's Gambit Declined: 5 Bf4.} a6 {[%emt 0:01:08] 6...Bd6 is the modern continuation.} 7. a4 Bd6 {[%emt 0:02:44] [#]} 8. Ne5 $146 {[%emt 0:05:20] White has an edge.} (8. Bxd6 {simplifies} cxd6 9. Bxc4 O-O 10. O-O) ({Predecessor:} 8. Bxd6 cxd6 9. Bxc4 O-O 10. O-O b6 11. e4 Bb7 12. Bd3 e5 13. Re1 Re8 14. Bc4 exd4 15. Qxd4 {½-½ Radjabov,T (2765)-Carlsen,M (2847) NIC Classic KO rapid 2021 (1.14)}) 8... Nd5 9. Bxc4 Nxf4 10. exf4 O-O 11. O-O Nb6 {[%emt 0:02:34] [#] Strongly threatening ...Bxe5.} 12. Bb3 a5 13. Qh5 (13. g3 {simplifies} c6 14. h4 Nd5 15. Re1) 13... Bd7 14. Ne4 Bxe5 15. fxe5 (15. dxe5 $14 Bc6 16. Bc2 (16. Ng5 h6 $11) 16... Bxe4 17. Bxe4) 15... Bc6 $11 16. Ng5 ({White should try} 16. Qg4 $11) 16... h6 $15 (16... Qxd4 $2 17. Qxh7#) 17. Nxf7 {[%emt 0:00:10][%mdl 64] Remove Defender} Rxf7 18. Bxe6 {[%emt 0:00:13][%mdl 64] [#] Pin} Qe7 19. Bxf7+ (19. Qxf7+ Qxf7) 19... Qxf7 20. Qxf7+ Kxf7 21. b3 $1 Rd8 {[%emt 0:02:56][%mdl 1024] Black has strong compensation.} 22. Rfd1 Nd5 {[%emt 0:02:04] ...Nc3 would be deadly.} 23. f3 Nf4 24. Kf2 g5 25. Rd2 Ne6 26. Ke3 Bd5 27. Rb1 (27. Rb2 $15) 27... Kg6 28. b4 axb4 29. Rxb4 Ra8 30. Rc2 Bc6 31. g3 Kf5 32. h4 Kg6 ({Reject} 32... Rxa4 33. Rxa4 Bxa4 34. Rh2 $11) ({Don't do} 32... Bxa4 33. Ra2 b5 34. h5 $16) 33. Rc1 Bd5 34. Rb5 Bc6 (34... c6 $15 35. Rb4 (35. Rxb7 $2 {perishes.} Rxa4 36. hxg5 Ra3+ {[%mdl 64] Deflection} 37. Kd2 Nxg5 $19) 35... Rf8) 35. d5 Bxb5 36. axb5 Ra3+ 37. Ke4 Ra4+ 38. Ke3 Ra3+ 39. Ke4 Ra4+ {[%emt 0:00:21] Weighted Error Value: White=0.14 (very precise) /Black=0.13 (very precise)} 1/2-1/2

[Event "ETCC Open 2023"]
[Site "Budva"]
[Date "2023.11.14"]
[Round "4.31"]
[White "Kourkoulos-Arditis, Stamatis"]
[Black "Shirov, Alexei"]
[Result "1/2-1/2"]
[ECO "A16"]
[WhiteElo "2543"]
[BlackElo "2668"]
[Annotator "ChessBase"]
[PlyCount "84"]
[EventDate "2023.11.10"]
[EventType "team-tourn"]
[EventCountry "MNE"]
[SourceTitle "playchess.com"]
[Source "ChessBase"]
[SourceQuality "1"]
[WhiteTeam "Greece"]
[BlackTeam "Spain"]
[WhiteTeamCountry "GRE"]
[BlackTeamCountry "ESP"]
[TimeControl "40/5400+30:1800+30"]

1. Nf3 Nf6 2. c4 g6 3. Nc3 d5 4. cxd5 Nxd5 5. h4 Bg7 6. h5 Nc6 7. g3 Bg4 8. h6 Bxc3 9. bxc3 Bxf3 10. exf3 Qd6 11. Rb1 O-O-O 12. Qb3 Nb6 13. Be2 f5 14. d3 e5 15. Kf1 f4 16. Kg2 g5 17. g4 Qg6 18. Bb2 Rd5 19. d4 Na5 20. Qd1 Nac4 21. Bd3 Qf7 22. Ba1 Ra5 23. Re1 Rxa2 24. Re2 Rxe2 25. Qxe2 Re8 26. Rb4 Nd6 27. dxe5 c5 28. Rxb6 axb6 29. c4 Re6 30. Qa2 Ne8 31. Qa8+ Kc7 32. Be4 Qd7 33. Qxb7+ Kd8 34. Qa8+ Qc8 35. Qd5+ Qd7 36. Qa8+ Qc8 37. Qa4 Qd7 38. Qa6 Nc7 39. Qb7 Qc8 40. Qa7 Qa6 41. Qb8+ Qc8 42. Qa7 Qa6 1/2-1/2

[Event "ETCC Open 2023"]
[Site "Budva"]
[Date "2023.11.14"]
[Round "4.32"]
[White "Yuffa, Daniil"]
[Black "Ioannidis, Evgenios"]
[Result "0-1"]
[ECO "E11"]
[WhiteElo "2600"]
[BlackElo "2502"]
[Annotator "ChessBase"]
[PlyCount "137"]
[EventDate "2023.11.10"]
[EventType "team-tourn"]
[EventCountry "MNE"]
[SourceTitle "playchess.com"]
[Source "ChessBase"]
[SourceQuality "1"]
[WhiteTeam "Spain"]
[BlackTeam "Greece"]
[WhiteTeamCountry "ESP"]
[BlackTeamCountry "GRE"]
[TimeControl "40/5400+30:1800+30"]

1. d4 Nf6 2. c4 e6 3. Nf3 Bb4+ 4. Nbd2 d5 5. a3 Be7 6. Qc2 b6 7. e4 dxe4 8. Nxe4 Bb7 9. Bd3 Nbd7 10. Be3 Nxe4 11. Bxe4 Bxe4 12. Qxe4 O-O 13. Qc6 Nf6 14. Ne5 Bd6 15. O-O-O Qe8 16. h3 a6 17. g4 Qxc6 18. Nxc6 Rfe8 19. a4 Nd7 20. a5 bxa5 21. Nxa5 Bb4 22. Nc6 Bf8 23. Na5 Bb4 24. Bd2 Rab8 25. Kc2 Bxd2 26. Rxd2 h5 27. Kc3 e5 28. dxe5 Nxe5 29. gxh5 Nf3 30. Rd3 Ng5 31. f3 Re2 32. b3 Rb6 33. Rhd1 Rf6 34. Nb7 Ne6 35. Kb4 Kh7 36. Ka3 Rh2 37. Nd8 Nxd8 38. Rxd8 Rxf3 39. R1d3 Rhxh3 40. Rxf3 Rxf3 41. Kb4 a5+ 42. Ka4 Kh6 43. Rh8+ Kg5 44. Rg8 Rf5 45. Rxg7+ Kxh5 46. Rg8 Rc5 47. Rf8 Kg6 48. Rg8+ Kh6 49. Ka3 f5 50. Kb2 Re5 51. Kc3 c5 52. Kd3 f4 53. Rg4 Re3+ 54. Kd2 Re4 55. Rg1 Kh5 56. Rh1+ Kg4 57. Rg1+ Kf5 58. Rg8 f3 59. Rf8+ Kg4 60. Kd3 Re5 61. Rg8+ Kh3 62. Rf8 Kg2 63. Rg8+ Kf1 64. Kd2 f2 65. Rg7 Re4 66. Rf7 Kg2 67. Rg7+ Kf3 68. Rf7+ Rf4 69. Kd3 0-1

[Event "ETCC Open 2023"]
[Site "Budva"]
[Date "2023.11.14"]
[Round "4.33"]
[White "Bacrot, Etienne"]
[Black "Vocaturo, Daniele"]
[Result "1/2-1/2"]
[ECO "B45"]
[WhiteElo "2668"]
[BlackElo "2632"]
[Annotator "ChessBase"]
[PlyCount "126"]
[EventDate "2023.11.10"]
[EventType "team-tourn"]
[EventCountry "MNE"]
[SourceTitle "playchess.com"]
[Source "ChessBase"]
[SourceQuality "1"]
[WhiteTeam "France"]
[BlackTeam "Italy"]
[WhiteTeamCountry "FRA"]
[BlackTeamCountry "ITA"]
[TimeControl "40/5400+30:1800+30"]

1. e4 c5 2. Nf3 e6 3. d4 cxd4 4. Nxd4 Nf6 5. Nc3 Nc6 6. Ndb5 Bb4 7. a3 Bxc3+ 8. Nxc3 d5 9. exd5 exd5 10. Bd3 O-O 11. O-O Bg4 12. f3 Bh5 13. Bg5 Qb6+ 14. Kh1 Ne4 15. Nxe4 dxe4 16. Bxe4 Qxb2 17. Qb1 Qb6 18. Qxb6 axb6 19. Rfb1 Bg6 20. Bxc6 bxc6 21. Rxb6 h6 22. Be3 Rfe8 23. Bg1 Bxc2 24. Rxc6 Ba4 25. Rc4 Ra6 26. Rb1 Bd7 27. Rd1 Ba4 28. Rdd4 Rea8 29. Rc3 Be8 30. Rdd3 Bb5 31. Rd5 Be8 32. h3 Kh7 33. Re5 Bd7 34. Rc7 Be6 35. Bc5 Rd8 36. Bb4 Rd3 37. Kh2 g5 38. a4 Rd4 39. Rb7 Bd5 40. Rd7 Rxb4 41. Rexd5 Rbxa4 42. Rxf7+ Kg6 43. Rdd7 Kh5 44. Rg7 Rb6 45. Rd2 Rab4 46. Re2 Rb2 47. Re4 Rb7 48. Rxb7 Rxb7 49. Re6 Rb2 50. Kg3 Rb4 51. h4 Ra4 52. hxg5 hxg5 53. Kh2 Rh4+ 54. Kg1 Ra4 55. g3 Ra2 56. Kf1 Rb2 57. Re2 Rb3 58. Kg2 Kg6 59. Re6+ Kf7 60. Rd6 Ra3 61. Kf2 Rb3 62. Ke2 g4 63. fxg4 Rxg3 1/2-1/2

[Event "ETCC Open 2023"]
[Site "Budva"]
[Date "2023.11.14"]
[Round "4.34"]
[White "Moroni, Luca Jr"]
[Black "Moussard, Jules"]
[Result "1-0"]
[ECO "E51"]
[WhiteElo "2575"]
[BlackElo "2639"]
[Annotator "TA"]
[PlyCount "59"]
[EventDate "2023.11.10"]
[EventType "team-tourn"]
[EventCountry "MNE"]
[SourceTitle "playchess.com"]
[Source "ChessBase"]
[SourceQuality "1"]
[WhiteTeam "Italy"]
[BlackTeam "France"]
[WhiteTeamCountry "ITA"]
[BlackTeamCountry "FRA"]
[TimeControl "40/5400+30:1800+30"]

1. d4 Nf6 2. c4 e6 3. Nc3 Bb4 4. e3 O-O 5. Bd2 d5 6. Nf3 Nbd7 7. Rc1 {[%emt 0:02:57] 7.a3 is a critical line. E51: Nimzo-Indian: Rubinstein: 4...0-0 5 Nf3 d5.} c6 8. Bd3 Qe7 9. O-O {[%emt 0:19:23] The position is equal.} dxc4 10. Bxc4 e5 11. Qc2 Bd6 12. h3 {[%emt 0:01:27] [#]} Nb6 $146 (12... e4 $11 13. Ng5 Nb6) ({Predecessor:} 12... a5 13. a3 Bc7 14. Ba2 g6 15. Rfe1 Kg7 16. e4 exd4 17. Nxd4 Ne5 18. f4 Bb6 19. Be3 Neg4 20. Nf5+ gxf5 21. Bxb6 Nh6 22. exf5 Qd7 23. g4 {1-0 Bluebaum,M (2642)-Sjugirov,S (2680) Titled Tuesday intern op 15th Feb Late blitz 2022 (8)}) 13. Nxe5 $16 {[%emt 0:07:52] White is more active.} Bxe5 14. dxe5 {[%emt 0:03:57] Black is now going downhill.} Qxe5 {[%emt 0:05:45] [#]} 15. Bd3 Rd8 16. Rfd1 Be6 17. Ne2 h6 18. b3 a5 19. Bc3 {[%emt 0:05:09] A strong pair of Bishops.} Qg5 {[%emt 0:00:53] [#]} 20. f4 $1 Qh5 (20... Qc5 $16) 21. e4 $18 a4 22. f5 axb3 23. axb3 Bc8 (23... Nxe4 24. fxe6 Nxc3) 24. Bxf6 {[%emt 0:05:25] White is clearly winning.} gxf6 25. Qc5 Nd7 (25... Rxd3 $2 26. Rxd3 Qg5 27. Qxb6) 26. Qe7 Rf8 27. Rc3 {[%emt 0:00:38][%cal Bc1c3,Bc3g3,Bg3g4][%mdl 32] Bc4 is the strong threat.} Ra5 {[%emt 0:04:04] [#]} (27... Kh7 $142 28. Bc4 b5) 28. Bb5 $1 Ra8 (28... cxb5 29. Rxd7) 29. Rg3+ Kh7 {[%emt 0:00:04] [#]} 30. Rg4 $1 {[%emt 0:00:30] Weighted Error Value: White=0.02 (flawless) /Black=0.47} 1-0

[Event "ETCC Open 2023"]
[Site "Budva"]
[Date "2023.11.14"]
[Round "4.35"]
[White "Lagarde, Maxime"]
[Black "Lodici, Lorenzo"]
[Result "1/2-1/2"]
[ECO "A07"]
[WhiteElo "2629"]
[BlackElo "2550"]
[Annotator "ChessBase"]
[PlyCount "110"]
[EventDate "2023.11.10"]
[EventType "team-tourn"]
[EventCountry "MNE"]
[SourceTitle "playchess.com"]
[Source "ChessBase"]
[SourceQuality "1"]
[WhiteTeam "France"]
[BlackTeam "Italy"]
[WhiteTeamCountry "FRA"]
[BlackTeamCountry "ITA"]
[TimeControl "40/5400+30:1800+30"]

1. Nf3 d5 2. g3 c6 3. Bg2 Bf5 4. O-O h6 5. d3 Nf6 6. c4 dxc4 7. d4 Nbd7 8. Na3 Nb6 9. Ne5 Be4 10. f3 Bh7 11. e4 e6 12. Naxc4 Nxc4 13. Nxc4 Be7 14. Be3 O-O 15. b4 Ne8 16. Qb3 Nd6 17. Na5 Qd7 18. Rac1 Rfc8 19. Qa4 Rc7 20. Rfd1 Bg6 21. Bf2 Qd8 22. Qb3 Qd7 23. a4 Rcc8 24. e5 Nf5 25. b5 Rab8 26. Nc4 Bd8 27. h3 Bc7 28. f4 Ne7 29. Nd2 Nd5 30. Ne4 Ba5 31. Nd6 Rd8 32. Qc4 Nb6 33. Qc5 cxb5 34. axb5 Nd5 35. Bxd5 exd5 36. g4 Be4 37. Qxa7 Bb4 38. Nxe4 dxe4 39. d5 Qxb5 40. Qd4 Rbc8 41. Rxc8 Rxc8 42. Qxe4 Rc4 43. Qe2 Bc5 44. Rd2 Bxf2+ 45. Qxf2 Qb1+ 46. Kh2 Qb4 47. d6 Rxf4 48. Qe2 Rf3 49. Kg2 Qf4 50. Qxf3 Qxd2+ 51. Kf1 Qc1+ 52. Ke2 Qc2+ 53. Ke1 Qc1+ 54. Ke2 Qc2+ 55. Ke1 Qc1+ 1/2-1/2

[Event "ETCC Open 2023"]
[Site "Budva"]
[Date "2023.11.14"]
[Round "4.36"]
[White "Dvirnyy, Danyyil"]
[Black "Maurizzi, Marc`Andria"]
[Result "1/2-1/2"]
[ECO "D27"]
[WhiteElo "2495"]
[BlackElo "2572"]
[Annotator "TA"]
[PlyCount "60"]
[EventDate "2023.11.10"]
[EventType "team-tourn"]
[EventCountry "MNE"]
[SourceTitle "playchess.com"]
[Source "ChessBase"]
[SourceQuality "1"]
[WhiteTeam "Italy"]
[BlackTeam "France"]
[WhiteTeamCountry "ITA"]
[BlackTeamCountry "FRA"]
[TimeControl "40/5400+30:1800+30"]

1. d4 d5 2. c4 dxc4 3. Nf3 Nf6 4. e3 e6 5. Bxc4 c5 6. O-O a6 7. dxc5 Bxc5 8. Qxd8+ Kxd8 9. Be2 {[%emt 0:03:44] D27: Queen's Gambit Accepted: Classical main line: 7 e4!? and 7 a4.} Ke7 10. Ne5 Nbd7 11. Nc4 {[%emt 0:15:14] White is slightly better.} Ra7 12. Nbd2 b5 13. Na5 {[%emt 0:00:23][%cal Ob2b4] [#] aiming for b4!} Rc7 14. Ndb3 Bd6 15. a4 bxa4 16. Rxa4 Nb6 {[%emt 0:02:25] Prevents Rc4} 17. Ra1 e5 {[%emt 0:10:04] [#]} 18. Bd2 $146 ({Predecessor:} 18. f3 Nfd5 19. Bd2 Bb4 20. Bxb4+ Nxb4 21. Rac1 Rxc1 22. Rxc1 Rd8 23. Nc6+ Nxc6 24. Rxc6 {½-½ Nogly,C (2280)-Spivak,I (2346) BL2-Nord 1415 2014 (5.6)}) 18... Ne4 ({Resist} 18... Rc2 19. Bd3 Rc7 20. Rfc1 $16) 19. Rfc1 Nxd2 20. Nxd2 Rxc1+ 21. Rxc1 Bd7 22. Ne4 (22. Bxa6 $2 {loses.} Ra8 23. Ra1 Na4 $19) (22. Nc6+ $14 Ke6 23. Bxa6) 22... Rc8 $11 {[%emt 0:02:12] The position is equal.} 23. Rxc8 Bxc8 24. Nxd6 Kxd6 25. Nc4+ Nxc4 26. Bxc4 {[%emt 0:00:03] KB-KB} f6 27. b4 Kc6 28. f4 exf4 29. exf4 Kb6 30. Kf2 a5 {[%emt 0:00:36] Weighted Error Value: White=0.07 (flawless) /Black=0.03 (flawless)} 1/2-1/2

[Event "ETCC Open 2023"]
[Site "Budva"]
[Date "2023.11.14"]
[Round "4.37"]
[White "Fedoseev, Vladimir"]
[Black "Predke, Alexandr"]
[Result "1/2-1/2"]
[ECO "D27"]
[WhiteElo "2675"]
[BlackElo "2661"]
[Annotator "ChessBase"]
[PlyCount "92"]
[EventDate "2023.11.10"]
[EventType "team-tourn"]
[EventCountry "MNE"]
[SourceTitle "playchess.com"]
[Source "ChessBase"]
[SourceQuality "1"]
[WhiteTeam "Slovenia"]
[BlackTeam "Serbia"]
[WhiteTeamCountry "SLO"]
[BlackTeamCountry "SRB"]
[TimeControl "40/5400+30:1800+30"]

1. d4 d5 2. c4 dxc4 3. Nf3 Nf6 4. e3 e6 5. Bxc4 a6 6. O-O c5 7. b3 cxd4 8. Nxd4 Bc5 9. Bb2 O-O 10. Qc2 Qe7 11. Nc3 b5 12. Bd3 Bxd4 13. exd4 Bb7 14. d5 exd5 15. Ne2 Nc6 16. Ng3 d4 17. Nf5 Qd7 18. Qd2 Ne7 19. Nxd4 Ng6 20. f3 Rfe8 21. Nf5 Re6 22. Rad1 Qc7 23. Bb1 Rae8 24. Qg5 a5 25. Qg3 Qxg3 26. hxg3 Ba6 27. Nd6 R8e7 28. Nf5 Re8 29. Rc1 Ne7 30. Nd4 Rd6 31. Rfe1 Kf8 32. Rc7 Nf5 33. Rxe8+ Nxe8 34. Rc6 Nxd4 35. Rxd6 Nxf3+ 36. gxf3 Nxd6 37. Be5 Ne8 38. Bd3 Bb7 39. Bxb5 Bxf3 40. Kf2 Bd5 41. Ke3 h5 42. Kd4 Bf3 43. Kc5 g5 44. Kb6 Ke7 45. Bxe8 Kxe8 46. Bf6 a4 1/2-1/2

[Event "ETCC Open 2023"]
[Site "Budva"]
[Date "2023.11.14"]
[Round "4.38"]
[White "Sarana, Alexey"]
[Black "Subelj, Jan"]
[Result "1-0"]
[ECO "D16"]
[WhiteElo "2669"]
[BlackElo "2513"]
[Annotator "ChessBase"]
[PlyCount "115"]
[EventDate "2023.11.10"]
[EventType "team-tourn"]
[EventCountry "MNE"]
[SourceTitle "playchess.com"]
[Source "ChessBase"]
[SourceQuality "1"]
[WhiteTeam "Serbia"]
[BlackTeam "Slovenia"]
[WhiteTeamCountry "SRB"]
[BlackTeamCountry "SLO"]
[TimeControl "40/5400+30:1800+30"]

1. d4 d5 2. c4 c6 3. Nf3 Nf6 4. Nc3 dxc4 5. a4 e6 6. e3 c5 7. Bxc4 Nc6 8. O-O cxd4 9. exd4 Be7 10. Qe2 O-O 11. Rd1 Nb4 12. Bg5 Bd7 13. d5 exd5 14. Nxd5 Nbxd5 15. Bxd5 Nxd5 16. Rxd5 Bxg5 17. Nxg5 h6 18. Qd2 hxg5 19. Rxd7 Qf6 20. Rd1 b6 21. Rd6 Qf4 22. Qxf4 gxf4 23. R6d4 f3 24. g3 Rac8 25. R4d3 b5 26. a5 Rc2 27. Rb1 Rfc8 28. Rxf3 Rc1+ 29. Rxc1 Rxc1+ 30. Kg2 Rb1 31. Rb3 a6 32. Kf3 Rc1 33. Rd3 Rc2 34. b3 b4 35. Ke4 Rxf2 36. Rd6 Rxh2 37. Rxa6 Rb2 38. Rb6 Rxb3 39. a6 Ra3 40. Kd5 Kh7 41. Kc6 Rxg3 42. a7 Ra3 43. Kb7 b3 44. a8=Q Rxa8 45. Kxa8 g5 46. Kb7 g4 47. Kc6 Kg6 48. Kd5+ Kf5 49. Kd4 Kf4 50. Rf6+ Kg3 51. Ke3 b2 52. Rb6 f5 53. Rxb2 f4+ 54. Ke4 f3 55. Ke3 Kh3 56. Kf4 f2 57. Rxf2 g3 58. Rf3 1-0

[Event "ETCC Open 2023"]
[Site "Budva"]
[Date "2023.11.14"]
[Round "4.39"]
[White "Sebenik, Matej"]
[Black "Indjic, Aleksandar"]
[Result "0-1"]
[ECO "D35"]
[WhiteElo "2531"]
[BlackElo "2601"]
[Annotator "ChessBase"]
[PlyCount "136"]
[EventDate "2023.11.10"]
[EventType "team-tourn"]
[EventCountry "MNE"]
[SourceTitle "playchess.com"]
[Source "ChessBase"]
[SourceQuality "1"]
[WhiteTeam "Slovenia"]
[BlackTeam "Serbia"]
[WhiteTeamCountry "SLO"]
[BlackTeamCountry "SRB"]
[TimeControl "40/5400+30:1800+30"]

1. Nf3 d5 2. d4 Bf5 3. c4 e6 4. Nc3 Nf6 5. cxd5 exd5 6. Bg5 c6 7. Bxf6 Qxf6 8. e3 Bd6 9. Bd3 Nd7 10. O-O Bg4 11. h3 Bh5 12. Be2 Qe7 13. Re1 f5 14. Qb3 Rb8 15. Nd2 Bf7 16. Bd3 Be6 17. Qc2 O-O 18. f4 g5 19. fxg5 Qxg5 20. Nf3 Qh6 21. Qf2 Kh8 22. Ne2 Nf6 23. Nf4 Ne4 24. Qh4 Qxh4 25. Nxh4 Bd7 26. a3 Rg8 27. Rf1 Rbe8 28. Rae1 Re7 29. Kh2 Ng3 30. Rf3 Nh5 31. Ref1 Reg7 32. R1f2 Ng3 33. Kg1 Be7 34. Rxg3 Rxg3 35. Nf3 Bd6 36. Nh5 R3g6 37. Nf4 Rf6 38. Ne5 Bxe5 39. dxe5 Rh6 40. Bc2 Re8 41. Nd3 Bc8 42. b4 Rh4 43. Rf4 Rh6 44. a4 Rg8 45. Kf2 Re6 46. Rh4 Kg7 47. Kf3 Rh6 48. Rf4 Re8 49. Ke2 b6 50. Kd2 Rg6 51. Rf2 Rg3 52. Nf4 Kh6 53. Ne2 Rgg8 54. g4 fxg4 55. hxg4 Bxg4 56. Nf4 Rg7 57. e6 Kg5 58. b5 cxb5 59. axb5 Bxe6 60. Rg2+ Bg4 61. Nxd5 h5 62. e4 Rf7 63. Ke3 Rf3+ 64. Kd4 h4 65. e5 h3 66. Rh2 Kh4 67. Be4 Kg3 68. Rh1 h2 0-1

[Event "ETCC Open 2023"]
[Site "Budva"]
[Date "2023.11.14"]
[Round "4.40"]
[White "Markus, Robert"]
[Black "Borisek, Jure"]
[Result "1/2-1/2"]
[ECO "A13"]
[WhiteElo "2582"]
[BlackElo "2568"]
[Annotator "ChessBase"]
[PlyCount "109"]
[EventDate "2023.11.10"]
[EventType "team-tourn"]
[EventCountry "MNE"]
[SourceTitle "playchess.com"]
[Source "ChessBase"]
[SourceQuality "1"]
[WhiteTeam "Serbia"]
[BlackTeam "Slovenia"]
[WhiteTeamCountry "SRB"]
[BlackTeamCountry "SLO"]
[TimeControl "40/5400+30:1800+30"]

1. c4 e6 2. g3 d5 3. Bg2 Nf6 4. Nf3 d4 5. O-O Nc6 6. d3 Bc5 7. Na3 O-O 8. Nc2 a5 9. b3 h6 10. a3 e5 11. Rb1 Re8 12. b4 axb4 13. axb4 Bf8 14. b5 Nb8 15. e3 dxe3 16. Nxe3 Nbd7 17. Bb2 c6 18. bxc6 bxc6 19. d4 e4 20. Ne5 c5 21. Nxd7 Nxd7 22. Qc2 cxd4 23. Bxd4 Nc5 24. Rfd1 Nd3 25. Bb6 Qg5 26. Bxe4 Rxe4 27. Qxd3 Re8 28. Rb5 Qf6 29. Bc5 Bh3 30. Bxf8 Qf3 31. Rb2 Kxf8 32. Qd6+ Kg8 33. Qd5 Qf6 34. Rbd2 Rac8 35. Rd4 Be6 36. Qd6 Qf3 37. Qf4 Qe2 38. g4 Qa2 39. h4 Qa5 40. Nd5 Qc5 41. g5 Bxd5 42. cxd5 hxg5 43. hxg5 Rcd8 44. Kg2 Rd6 45. Rc1 Qb6 46. Rc3 Rg6 47. Rg3 Qd6 48. Qd2 f6 49. gxf6 Rxf6 50. Rdg4 Rf7 51. Rg6 Qe5 52. Re3 Rxf2+ 53. Qxf2 Qxe3 54. Qxe3 Rxe3 55. Rg3 1/2-1/2

[Event "ETCC Open 2023"]
[Site "Budva"]
[Date "2023.11.14"]
[Round "4.41"]
[White "Gretarsson, Hjorvar Steinn"]
[Black "Erdos, Viktor"]
[Result "1/2-1/2"]
[ECO "D35"]
[WhiteElo "2518"]
[BlackElo "2557"]
[Annotator "ChessBase"]
[PlyCount "125"]
[EventDate "2023.11.10"]
[EventType "team-tourn"]
[EventCountry "MNE"]
[SourceTitle "playchess.com"]
[Source "ChessBase"]
[SourceQuality "1"]
[WhiteTeam "Iceland"]
[BlackTeam "Hungary"]
[WhiteTeamCountry "ISL"]
[BlackTeamCountry "HUN"]
[TimeControl "40/5400+30:1800+30"]

1. c4 e6 2. Nc3 d5 3. d4 Nf6 4. cxd5 exd5 5. Bg5 Bb4 6. e3 h6 7. Bh4 g5 8. Bg3 Ne4 9. Qc2 h5 10. Bd3 h4 11. Be5 f6 12. Bxe4 dxe4 13. d5 Na6 14. Bd4 Qxd5 15. Nge2 Qc6 16. O-O Be7 17. f4 g4 18. f5 Bd7 19. a3 Nc5 20. Nf4 Nd3 21. Ng6 Rh7 22. Qe2 g3 23. Nxe7 Kxe7 24. Qg4 Rah8 25. Nxe4 Nf2 26. Nxf2 gxf2+ 27. Rxf2 h3 28. e4 Kd8 29. Rd1 Kc8 30. g3 Re8 31. Bc3 Qxe4 32. Qxe4 Rxe4 33. Bxf6 Rf7 34. Bh4 c5 35. f6 Kc7 36. Bg5 Bc6 37. Bf4+ Kb6 38. Bd6 Kb5 39. Be7 b6 40. Rc1 Ka4 41. Rd1 Bb5 42. Rf4 Rxf4 43. gxf4 Kb3 44. Rd2 Bc4 45. Kf2 Rh7 46. Ke3 Rh6 47. f5 Rh8 48. Ke4 Rg8 49. Rd3+ Kxb2 50. Rxh3 Rg1 51. a4 Ra1 52. Ke5 Re1+ 53. Kd6 Rf1 54. Rh5 Bb3 55. Kc7 Bd5 56. Kb8 c4 57. Bd6 c3 58. Be5 Re1 59. Bxc3+ Kxc3 60. Kxa7 Kd4 61. Kxb6 Ke5 62. Rh6 Rf1 63. a5 1/2-1/2

[Event "ETCC Open 2023"]
[Site "Budva"]
[Date "2023.11.14"]
[Round "4.42"]
[White "Banusz, Tamas"]
[Black "Stefansson, Hannes"]
[Result "1-0"]
[ECO "E08"]
[WhiteElo "2609"]
[BlackElo "2518"]
[Annotator "ChessBase"]
[PlyCount "93"]
[EventDate "2023.11.10"]
[EventType "team-tourn"]
[EventCountry "MNE"]
[SourceTitle "playchess.com"]
[Source "ChessBase"]
[SourceQuality "1"]
[WhiteTeam "Hungary"]
[BlackTeam "Iceland"]
[WhiteTeamCountry "HUN"]
[BlackTeamCountry "ISL"]
[TimeControl "40/5400+30:1800+30"]

1. Nf3 d5 2. d4 Nf6 3. c4 e6 4. g3 Bb4+ 5. Bd2 Be7 6. Bg2 O-O 7. O-O c6 8. Qc2 Nbd7 9. Bf4 b6 10. Nbd2 Bb7 11. e4 Nh5 12. Be3 Nhf6 13. h4 h6 14. Rfd1 Rc8 15. Rac1 c5 16. exd5 exd5 17. Qf5 Qc7 18. dxc5 bxc5 19. Bf4 Bd6 20. Bxd6 Qxd6 21. cxd5 Qxd5 22. Qxd5 Bxd5 23. Nc4 Nb6 24. Nfe5 Rfd8 25. Bxd5 Nfxd5 26. Na5 Re8 27. Nec6 c4 28. Nxa7 Ra8 29. N7c6 Re2 30. Nxc4 Rxa2 31. Nd4 Re8 32. Nxb6 Nxb6 33. b3 Nd5 34. Rc2 Rxc2 35. Nxc2 Re2 36. Rxd5 Rxc2 37. Rd3 Kh7 38. Kg2 g5 39. hxg5 hxg5 40. Kf3 Kg6 41. Ke3 g4 42. b4 Rb2 43. Rd4 Rb3+ 44. Ke4 Rb2 45. Kd5 Rxf2 46. Rxg4+ Kh5 47. Rf4 1-0